AoeStats
← [RDY] Sleiz

Arabia

503180687Analyzed
3v3 RM · 1mo ago on Aug 30, 2026· 34m 43s· 6 players
Game mode
Random Map
Map size
Normal (6 player)
Population
200
Speed
Normal
Resources
Standard
Victory
Conquest
Starting age
Dark Age
Ending age
Imperial Age
RankedLock teamsTeams togetherTeam positionsShared explorationLock speedFull tech treeHidden civsTurbo modeCheats
Victory
Defeat
🇱🇻 Shu · Latvia
908
+15
🇲🇽 Turks · Mexico
810
+16
🇩🇪 Japanese · Germany
723
+19
🇺🇸 Lithuanians · United States
841
-17
🇺🇸 Khmer · United States
830
-17
🇺🇸 Mongols · United States
730
-12
[RDY] Sleiz
10:06 Feudal Age
11:29 Double-Bit Axe
20:19 Bloodlines
21:24 Scale Barding Armor
30:46 Castle Age
[RDY] TGCID
11:39 Feudal Age
11:22 Loom
12:35 Man-at-Arms
20:42 Arson
32:05 Castle Age
[RDY] Audemars Piguet
11:02 Feudal Age
20:09 Scale Barding Armor
27:46 Castle Age
29:24 Husbandry
33:48 Bloodlines
34:02 Chain Barding Armor
Janko_22
2:34 Loom
11:58 Feudal Age
12:32 Double-Bit Axe
14:26 Forging
14:35 Horse Collar
17:21 Bloodlines
18:42 Wheelbarrow
20:13 Gold Mining
25:00 Castle Age
25:26 Scale Mail Armor
26:43 Squires
26:07 Pikeman
26:33 Gambesons
27:23 Heavy Plow
27:39 Bow Saw
31:21 Husbandry
34:23 Iron Casting
34:04 Chain Mail Armor
Josep Zicri
0:32 Loom
10:24 Feudal Age
13:53 Forging
15:01 Horse Collar
23:23 Castle Age
24:10 Husbandry
24:29 Stone Mining
26:02 Gold Mining
29:27 Scale Barding Armor
34:17 Iron Casting
34:22 Wheelbarrow
33:33 Town Watch
34:16 Double-Bit Axe
35:16 Bloodlines
AjeziSajirava
7:05 Loom
9:52 Feudal Age
15:57 Fletching
18:35 Wheelbarrow
19:26 Padded Archer Armor
25:02 Castle Age
25:27 Double-Bit Axe
25:09 Crossbowman
25:13 Pikeman
25:55 Horse Collar
26:31 Bodkin Arrow
34:45 Thumb Ring
Connection lost

Rejoining the realm…

Still unreachable

The connection could not be restored.

Session expired

The server has moved on; the page needs a fresh start.